 Dungeon Crawl Stone Soup version 0.29-a0-575-g0dc89cf053 (webtiles) character file.

Game seed: 15935278464320120398

711 zazu2006 the Magician (level 7, -6/62 HPs)
             Began as a Naga Hedge Wizard on June 12, 2022.
             Was an Initiate of Vehumet.
             Mangled by a mummy (13 damage)
             ... in an ossuary.
             The game lasted 00:10:43 (4923 turns).

zazu2006 the Magician (Naga Hedge Wizard)           Turns: 4923, Time: 00:10:43

Health: -6/62      AC:  6    Str: 12    XL:     7   Next: 68%
Magic:  15/15      EV: 10    Int: 16    God:    Vehumet [......]
Gold:   294        SH:  0    Dex: 11    Spells: 7/16 levels left

rFire   . . .      SeeInvis +   n - +1 dagger (elec)
rCold   . . .      Faith    .   (no shield)
rNeg    . . .      Spirit   .   b - +0 robe
rPois   +          Reflect  .   t - +0 helmet
rElec   .          Harm     .   i - +1 cloak {Will+}
rCorr   .          Rampage  .   (no gloves)
Will    +....                   (no barding)
Stlth   +++.......              (no amulet)
HPRegen 0.20/turn               (no ring)
MPRegen 0.14/turn               (no ring)

@: brilliant, attractive, very slow
A: AC +2, large, see invisible, deformed body, poison resistance, slowness 2,
spit poison 2, naga tail 1, robust 1
a: Breathe Poison Gas, Renounce Religion


You were in an ossuary.
You worshipped Vehumet.
Vehumet was noncommittal.
You visited 2 branches of the dungeon, and saw 6 of its levels.
You also visited: Ossuary.

You collected 294 gold pieces.

Inventory:

Hand Weapons
 n - a +1 dagger of electrocution (weapon)
Missiles
 m - 11 poisoned darts
Armour
 b - a +0 robe (worn)
 i - a +1 cloak of willpower (worn)
 t - a +0 helmet (worn)
Scrolls
 a - 2 scrolls of amnesia
 f - a scroll of enchant armour {unknown}
 g - a scroll of fog {unknown}
 l - a scroll of fear
 o - a scroll of torment {unknown}
 p - a scroll of blinking {unknown}
 q - a scroll of magic mapping {unknown}
 r - 3 scrolls of teleportation {unknown}
 s - a scroll of noise {unknown}
 u - a scroll of vulnerability {unknown}
Potions
 d - a potion of magic
 e - 2 potions of mutation
 h - a potion of flight


   Skills:
 + Level 1.4 Fighting
 + Level 0.2 Throwing
 + Level 2.4 Dodging
 + Level 4.9 Stealth
 + Level 5.3 Spellcasting
 + Level 3.7 Conjurations
 + Level 1.0 Summonings
 + Level 1.0 Translocations
 + Level 0.4 Air Magic
 * Level 4.2 Poison Magic


You had 7 spell levels left.
You knew the following spells:

 Your Spells              Type           Power      Damage    Failure   Level
a - Magic Dart            Conj           96%        1d7       3%          1
b - Mephitic Cloud        Conj/Pois/Air  20%        N/A       14%         3
c - Conjure Flame         Conj/Fire      15%        6-21      21%         3
d - Blink                 Tloc           22%        N/A       14%         2

Your spell library contained the following spells:

 Spells                   Type           Power      Damage    Failure   Level
 Slow                     Hex            24%        N/A       14%         1
 Call Imp                 Summ           11%        N/A       14%         2
 Gell's Gravitas          Tloc           11%        N/A       28%         3
 Lesser Beckoning         Tloc           11%        N/A       28%         3
 Teleport Other           Tloc           11%        N/A       28%         3


Dungeon Overview and Level Annotations

Branches:
Dungeon (5/15)             Temple (1/1) D:4         Ossuary (1/1)

Altars:
Dithmenos
Elyvilon
Gozag
Hepliaklqana
Kikubaaqudgha
Makhleb
Okawaru
Ru
Sif Muna
Trog
Uskayaw
Vehumet
Wu Jian
Zin
The Shining One

Shops:
D:1 [   D:3 =   D:4 [


Innate Abilities, Weirdness & Mutations

Your serpentine skin is tough. (AC +2)
You have supernaturally acute eyesight. (SInv)
Armour fits poorly on your strangely shaped body.
Your system is resistant to poisons. (rPois)
You cover ground very slowly.
You can exhale a cloud of poison.
You have a snake-like lower body.
You are robust. (+10% HP)


Message History

You barely miss the bullfrog zombie.
The bullfrog zombie is almost destroyed.
The bullfrog zombie hits you but does no damage.
The bullfrog zombie hits you.
* * * LOW HITPOINT WARNING * * *
The bullfrog zombie hits you but does no damage.
You hit the bullfrog zombie.
You destroy the bullfrog zombie!
Vehumet accepts your kill.
The bullfrog zombie hits you but does no damage.
The bullfrog zombie hits you.
* * * LOW HITPOINT WARNING * * *
It was a potion of attraction.
You feel attractive to monsters. The bullfrog zombie closely misses you.
You hit the bullfrog zombie.
The bullfrog zombie is lightly damaged.
The bullfrog zombie hits you.
* * * LOW HITPOINT WARNING * * *
You hit the bullfrog zombie.
The bullfrog zombie is lightly damaged.
The bullfrog zombie hits you but does no damage.
The bullfrog zombie hits you.
* * * LOW HITPOINT WARNING * * *
You hit the bullfrog zombie.
Lightning courses through the bullfrog zombie!!
The bullfrog zombie is severely damaged.
The bullfrog zombie hits you.
* * * LOW HITPOINT WARNING * * *
You hit the bullfrog zombie.
Lightning courses through the bullfrog zombie!
You destroy the bullfrog zombie!
Vehumet accepts your kill.
You start resting.
The mummy is attracted toward you.
You barely miss the mummy. You hit the mummy.
Lightning courses through the mummy!
The mummy is severely damaged.
The mummy hits you!
You die...

#+ +.
#.#####
+§#...#
#.M.∩.#
#.'.#@.∩#
###.#####
+. #. ≈≈
#. +≈


You could see a mummy.

Vanquished Creatures
  2 ogres (D:4)
  A scorpion (D:2)
  2 bullfrog zombies (Ossuary)
  A hound (D:4)
  Natasha (thrice) (D:3)
  An iguana (D:5)
  2 mummies (Ossuary)
  Robin (D:3)
  5 adders
  An ufetubus (D:4)
  A worm (D:2)
  A dart slug (D:4)
  An orc (D:3)
  12 bats
  5 endoplasms
  6 giant cockroaches
  20 goblins
  8 hobgoblins
  4 jackals (D:1)
  3 quokkas
  7 ball pythons
  3 frilled lizards
  5 kobolds
  8 rats
103 creatures vanquished.

Vanquished Creatures (collateral kills)
  An ogre (D:4)
  An iguana (D:4)
  An endoplasm (D:4)
  A goblin (D:4)
4 creatures vanquished.

Vanquished Creatures (others)
  9 withered plants (Ossuary)
9 creatures vanquished.

Grand Total: 116 creatures vanquished

Notes
Turn   | Place    | Note
-------+----------+-------------------------------------------
     0 | D:1      | zazu2006 the Naga Hedge Wizard began the quest for the Orb.
     0 | D:1      | Reached XP level 1. HP: 15/15 MP: 4/4
   197 | D:1      | Reached XP level 2. HP: 22/22 MP: 1/6
   857 | D:1      | Reached XP level 3. HP: 28/28 MP: 5/8
  1014 | D:1      | Found Arph's Armour Boutique.
  1475 | D:1      | Learned a level 3 spell: Mephitic Cloud
  1479 | D:1      | Learned a level 3 spell: Conjure Flame
  1482 | D:1      | Learned a level 2 spell: Blink
  1858 | D:2      | You fall into a shaft and drop 2 floors!
  1859 | D:4      | Noticed an ogre
  1865 | D:4      | Noticed an ogre
  1873 | D:4      | Reached skill level 1 in Poison Magic
  1875 | D:4      | Killed an ogre
  1876 | D:4      | Reached skill level 4 in Spellcasting
  1876 | D:4      | Reached XP level 4. HP: 35/37 MP: 2/10
  1876 | D:4      | Reached XP level 5. HP: 40/43 MP: 2/11
  1887 | D:4      | Killed an ogre
  1890 | D:4      | Reached XP level 6. HP: 9/50 MP: 1/12
  2286 | D:4      | Found Amal Minugh's Armour Boutique.
  3293 | D:3      | Noticed Natasha
  3294 | D:3      | Found Turosm's Jewellery Shoppe.
  3303 | D:3      | Killed Natasha
  3304 | D:3      | Reached skill level 5 in Spellcasting
  3383 | D:3      | Noticed Robin
  3425 | D:3      | Killed Robin
  3697 | D:3      | Noticed Natasha
  3703 | D:3      | Killed Natasha
  3704 | D:3      | Reached XP level 7. HP: 49/56 MP: 7/14
  3966 | D:3      | Noticed Natasha
  3983 | D:3      | Killed Natasha
  3984 | D:3      | Reached skill level 1 in Fighting
  4206 | D:4      | Found a staircase to the Ecumenical Temple.
  4381 | Temple   | Entered the Ecumenical Temple
  4453 | Temple   | Became a worshipper of Vehumet
  4576 | D:4      | Found a burning altar of Makhleb.
  4712 | D:5      | Entered Level 5 of the Dungeon
  4811 | D:5      | Found a sand-covered staircase.
  4818 | Ossuary  | Entered an ossuary
  4872 | Ossuary  | Gained mutation: You can exhale a cloud of poison. [potion
                  | of mutation]
  4872 | Ossuary  | Gained mutation: You are robust. (+10% HP) [potion of
                  | mutation]
  4897 | Ossuary  | HP: 3/62 [bullfrog zombie (2)]
  4923 | Ossuary  | Mangled by a mummy

Illustrated notes

Levels and vault maps discovered:
D:1:      psy_arrival_basics, layout_loops_cross, serial_shops,
          nicolae_shop_crystal
D:2:      layout_rooms, minivault_27, kennysheep_generic_room_8
D:3:      layout_loops_ring, serial_shops, nicolae_shop_stone,
          hangedman_decor_growths, uniq_natasha, uniq_robin
D:4:      layout_cave_pools, makhleb_blood_cavern_becter, temple_pool_b,
          serial_shops, shop_fountains
D:5:      nicolae_cairo_tiling, layout_cave_pools, chequers_ossuary_entry_cave,
          uniq_edmund
Temple:   jpeg_temple_clearing
Ossuary:  ossuary_zaba_flooded

Skill      XL: |  1  2  3  4  5  6  7 |
---------------+----------------------+-----
Poison Magic   | 1 2 3 4 |  4.2
Stealth        | 4 |  4.9
Spellcasting   | 4 5 |  5.3
Conjurations   | 2 3 |  3.7
Dodging        | 2 |  2.4
Fighting       | 1 |  1.4
Throwing       | |  0.2
Summonings     | |  1.0
Translocations | |  1.0
Air Magic      | |  0.4

Action                   |  1- 3 |  4- 6 |  7- 9 || total
-------------------------+-------+-------+-------++-------
Melee: Dagger            |    15 |    66 |    55 ||   136
       Punch             |     2 |     2 |       ||     4
Throw: Dart              |     3 |       |       ||     3
 Cast: Magic Dart        |    95 |    66 |    31 ||   192
       Mephitic Cloud    |     1 |     6 |     2 ||     9
 Abil: Spit Poison       |     9 |     6 |     3 ||    18
  Use: Scroll            |     2 |     3 |     1 ||     6
       Potion            |       |       |     5 ||     5
 Stab: Confused          |       |     2 |     1 ||     3
       Sleeping          |       |     1 |     1 ||     2
Armor: Robe              |    12 |    22 |    31 ||    65
Dodge: Dodged            |    19 |    43 |    48 ||   110

Table legend: (Time is in decaauts)
 A = Elapsed time spent in this place.
 B = Non-inter-level travel time spent in this place.
 C = Inter-level travel time spent in this place.
 D = Time resting spent in this place.
 E = Time spent auto-exploring this place.
 F = Levels seen in this place.
 G = Mean time per level.
                   A        B        C        D        E       F      G
               +--------+--------+--------+--------+--------+-----+--------+
         Total |   5860 |   5650 |    210 |    294 |   4446 |   7 |  837.1 |
       Dungeon |   5623 |   5443 |    180 |    247 |   4368 |   5 | 1124.6 |
        Temple |    130 |    101 |     29 |      0 |     74 |   1 |  130.0 |
       Ossuary |    107 |    107 |      0 |     47 |      3 |   1 |  107.0 |
               +--------+--------+--------+--------+--------+-----+--------+

Top non-repeatable levels by time:
     D:1: 1779 daAuts
     D:3: 1405 daAuts
     D:4: 1172 daAuts
     D:2: 1122 daAuts
     D:5: 143 daAuts
  Temple: 130 daAuts
 Ossuary: 107 daAuts
